 Dungeon Crawl Stone Soup version 0.21-a0-91-ga5031da (webtiles) character file.

2058 Kidiri the Thaumaturge (level 9, -1/47 HPs)
             Began as a Deep Elf Fire Elementalist on June 30, 2017.
             Was an Initiate of Vehumet.
             Splashed by a brown ugly thing's acid (7 damage)
             ... on level 6 of the Dungeon.
             The game lasted 00:28:36 (7262 turns).

Kidiri the Thaumaturge (Deep Elf Fire Elementalist) Turns: 7262, Time: 00:28:38

Health: -1/47      AC:  6    Str:  5    XL:     9   Next: 5%
Magic:  17/24      EV: 14    Int: 24    God:    Vehumet [......]
Gold:   65         SH:  5    Dex: 15    Spells: 3/27 levels left

rFire    + . .     SeeInvis .   e - +1 dagger
rCold    + . .     Gourm    .   (no shield)
rNeg     . . .     Faith    .   r - +1 robe {rC+ rF+}
rPois    .         Spirit   .   v - +0 helmet
rElec    .         Reflect  +   (no cloak)
rCorr    .         Harm     .   (no gloves)
MR       .....                  t - +1 pair of boots
Stlth    +++.......             f - +5 amulet of reflection
HPRegen  0.15/turn              u - ring of stealth
MPRegen  0.19/turn              (no ring)

@: no status effects
A: no striking features
a: Renounce Religion


You were on level 6 of the Dungeon.
You worshipped Vehumet.
Vehumet was noncommittal.
You were not hungry.

You visited 2 branches of the dungeon, and saw 7 of its levels.

You collected 329 gold pieces.
You spent 264 gold pieces at shops.

Inventory:

Hand Weapons
 e - a +1 dagger (weapon)
Armour
 r - a +1 robe of resistance (worn)
 t - a +1 pair of boots (worn)
 v - a +0 helmet (worn)
 x - a +0 shield
Jewellery
 f - a +5 amulet of reflection (around neck)
 u - a ring of stealth (left hand)
Wands
 q - a wand of lightning (7/15)
Scrolls
 i - 2 scrolls of amnesia
 m - 3 scrolls of teleportation
 n - 2 scrolls of remove curse
 y - a scroll of magic mapping
 z - a scroll of fear
Potions
 d - a potion of magic
 g - 2 potions of curing
 h - 4 potions of haste
 j - 2 potions of heal wounds
 k - a potion of lignification
 o - a potion of mutation
 s - a potion of ambrosia
 B - a potion of might {unknown}
Books
 b - a book of Flames

   Spells                             Type                      Level
   a - Flame Tongue                   Conjuration/Fire             1
   b - Throw Flame                    Conjuration/Fire             2
   c - Conjure Flame                  Conjuration/Fire             3
   d - Inner Flame                    Hexes/Fire                   3
   e - Sticky Flame                   Conjuration/Fire             4
   f - Fireball                       Conjuration/Fire             5
 p - a book of Minor Magic

   Spells                             Type                      Level
   a - Magic Dart                     Conjuration                  1
   b - Blink                          Translocation                2
   c - Call Imp                       Summoning                    2
   d - Slow                           Hexes                        2
   e - Conjure Flame                  Conjuration/Fire             3
   f - Mephitic Cloud                 Conjuration/Poison/Air       3
 w - a book of Cantrips

   Spells                             Type                      Level
   a - Confusing Touch                Hexes                        1
   b - Animate Skeleton               Necromancy                   1
   c - Summon Small Mammal            Summoning                    1
   d - Apportation                    Translocation                1
Comestibles
 c - 6 bread rations
 l - 4 meat rations


   Skills:
 + Level 1.2 Fighting
 + Level 2.0 Short Blades
 + Level 1.6 Armour
 + Level 3.6 Dodging
 - Level 2.4 Stealth
 + Level 1.1 Shields
 * Level 9.9 Spellcasting
 + Level 5.5 Conjurations
 + Level 0.0 Hexes
 + Level 0.7 Translocations
 + Level 6.4 Fire Magic
 + Level 2.1 Air Magic
 + Level 2.2 Poison Magic


You had 3 spell levels left.
You knew the following spells:

 Your Spells              Type           Power        Failure   Level  Hunger
a - Flame Tongue          Conj/Fire      #####        1%          1    None
b - Throw Flame           Conj/Fire      #####.       1%          2    None
c - Conjure Flame         Conj/Fire      #####...     1%          3    None
d - Inner Flame           Hex/Fire       ####....     4%          3    None
e - Sticky Flame          Conj/Fire      #####...     4%          4    #......
f - Fireball              Conj/Fire      #####.....   12%         5    ####...
g - Mephitic Cloud        Conj/Pois/Air  ####....     4%          3    None
h - Magic Dart            Conj           ####         1%          1    None
i - Blink                 Tloc           N/A          6%          2    None


Dungeon Overview and Level Annotations

Branches:
Dungeon (6/15)             Temple (1/1) D:6

Altars:
Ashenzari
Dithmenos
Elyvilon
Fedhas
Gozag
Kikubaaqudgha
Makhleb
Nemelex Xobeh
Okawaru
Qazlal
Ru
Sif Muna
Trog
Uskayaw
Vehumet
Xom
Yredelemnul
The Shining One

Shops:
D:6 (}*[?


Message History

The brown ugly thing burns!
The brown ugly thing burns!
The brown ugly thing burns!
The brown ugly thing burns!
The brown ugly thing burns!
The brown ugly thing burns!
The brown ugly thing burns!
The brown ugly thing stops burning.
Casting: Sticky Flame
Confirm with . or Enter, or press ? or * to list all spells.
Aiming: Sticky Flame
Press: ? - help, Shift-Dir - straight line, f/p - brown ugly thing
Aim: a brown ugly thing (severely wounded)
The sticky flame hits the brown ugly thing.
The brown ugly thing appears unharmed.
The brown ugly thing is severely wounded.
The brown ugly thing is covered in liquid flames!
The brown ugly thing burns!
The brown ugly thing claws you!
* * * LOW HITPOINT WARNING * * *
You are splashed with acid!
The acid burns!
You die...

#.# #.# #.# # #.# #.#
##.### #.######.#####.....
#.##............###
#..#<#########..... ##.#.#
#.##.. #.#.# #.##.. #u#.##
#####.##.# #@<..##
#.....##.. #..#..#
#.######.# #.....###)# #.#
#.......#.######.#
#................#
#.......#.........
#.#...#####.#.#### #.#...#
##.#.##..
#########.#..#####)#..##.#


You could see a brown ugly thing (burning).

Vanquished Creatures
  Pikel (D:4)
  Duvessa (D:4)
  The ghost of Ijustatesigmund the Skirmisher, an amateur OgFi (D:3)
  4 slaves (D:4)
  A sky beast (D:5)
  2 ice beasts (D:6)
  A hornet zombie (D:6)
  A necrophage (D:6)
  A centaur (D:6)
  Dowan (D:4)
  3 scorpions
  A crimson imp (D:6)
  A bullfrog zombie (D:6)
  A centaur zombie (D:5)
  A quasit (D:6)
  A hound (D:5)
  An orc wizard (D:6)
  A centaur skeleton (D:3)
  A jelly (D:5)
  A bullfrog skeleton (D:6)
  Ijyb (D:4)
  2 iguanas
  6 worker ants
  2 howler monkey skeletons
  5 adders
  A shadow imp (D:5)
  2 worms
  A dart slug (D:1)
  5 leopard geckos
  8 orcs
  9 bats
  2 giant cockroaches
  9 goblins
  5 hobgoblins
  2 jackals (D:2)
  2 quokkas (D:6)
  A ball python (D:1)
  4 frilled lizards
  2 jackal skeletons
  6 kobolds
  A leopard gecko zombie (D:6)
  A quokka zombie (D:6)
  10 rats
113 creatures vanquished.

Vanquished Creatures (others)
  A centaur (D:6)
  A bullfrog (D:6)
  2 worker ants
  An adder (D:6)
  A leopard gecko (D:6)
  A giant cockroach (D:6)
  A quokka (D:4)
8 creatures vanquished.

Grand Total: 121 creatures vanquished

Notes
Turn   | Place    | Note
-------+----------+-------------------------------------------
     0 | D:1      | Kidiri the Deep Elf Fire Elementalist began the quest for the Orb.
     0 | D:1      | Reached XP level 1. HP: 10/10 MP: 6/6
   243 | D:1      | Reached XP level 2. HP: 12/15 MP: 5/8
   337 | D:1      | Learned a level 2 spell: Throw Flame
   669 | D:1      | Reached skill level 4 in Spellcasting
   805 | D:1      | Reached XP level 3. HP: 15/19 MP: 4/10
   810 | D:1      | Learned a level 3 spell: Conjure Flame
   814 | D:1      | Learned a level 3 spell: Inner Flame
  1301 | D:2      | Reached XP level 4. HP: 22/24 MP: 2/12
  1684 | D:3      | Reached skill level 5 in Spellcasting
  1690 | D:3      | Learned a level 4 spell: Sticky Flame
  1905 | D:3      | Noticed Ijustatesigmund's ghost (amateur OgFi)
  1946 | D:3      | Killed Ijustatesigmund's ghost
  1946 | D:3      | Reached skill level 6 in Spellcasting
  1946 | D:3      | Reached XP level 5. HP: 12/28 MP: 1/15
  2468 | D:3      | Found an ancient bone altar of Kikubaaqudgha.
  2772 | D:4      | Noticed Pikel
  2772 | D:4      | Noticed a slave
  2772 | D:4      | Noticed a slave
  2775 | D:4      | Noticed a slave
  2775 | D:4      | Noticed a slave
  2790 | D:4      | Killed a slave
  3043 | D:4      | Noticed Ijyb
  3050 | D:4      | Killed Ijyb
  3050 | D:4      | Reached XP level 6. HP: 11/32 MP: 9/17
  3300 | D:4      | Noticed Duvessa
  3308 | D:4      | Noticed Dowan
  3323 | D:4      | Killed Duvessa
  3329 | D:4      | Killed Dowan
  3329 | D:4      | Reached skill level 7 in Spellcasting
  3329 | D:4      | Reached skill level 5 in Fire Magic
  3336 | D:4      | Learned a level 5 spell: Fireball
  3561 | D:4      | Found a stormy altar of Qazlal.
  3593 | D:4      | Killed Pikel
  3593 | D:4      | Reached skill level 9 in Spellcasting
  3593 | D:4      | Reached XP level 7. HP: 21/36 MP: 3/21
  3875 | D:4      | Found a sparkling altar of Nemelex Xobeh.
  3892 | D:4      | Reached skill level 5 in Conjurations
  3892 | D:4      | Reached XP level 8. HP: 41/41 MP: 17/23
  3912 | D:4      | Learned a level 3 spell: Mephitic Cloud
  4058 | D:5      | Entered Level 5 of the Dungeon
  4745 | D:5      | Reached skill level 1 in Air Magic
  5306 | D:5      | Reached skill level 1 in Short Blades
  5527 | D:6      | Found Acusaen's Magic Scroll Shoppe.
  5530 | D:6      | Bought a scroll of blinking for 90 gold pieces
  5530 | D:6      | Bought a scroll of teleportation for 36 gold pieces
  5530 | D:6      | Bought a scroll of identify for 24 gold pieces
  5530 | D:6      | Bought a scroll of identify for 24 gold pieces
  5530 | D:6      | Bought a scroll of enchant armour for 90 gold pieces
  5547 | D:6      | Found Vuny's Antique Armour Shoppe.
  5555 | D:6      | Found Buozoxt's General Store.
  5582 | D:6      | Reached skill level 1 in Poison Magic
  5686 | D:6      | Reached skill level 1 in Armour
  5686 | D:6      | Reached skill level 1 in Fighting
  5752 | D:6      | Found a shimmering altar of Xom.
  5834 | D:6      | Reached skill level 1 in Shields
  6060 | D:6      | Learned a level 1 spell: Magic Dart
  6254 | D:6      | Found a staircase to the Ecumenical Temple.
  6263 | Temple   | Entered the Ecumenical Temple
  6355 | Temple   | Became a worshipper of Vehumet
  6842 | D:6      | Found Ydirhah's Weapon Shoppe.
  6903 | D:6      | Noticed a brown ugly thing
  6913 | D:6      | Found Umpeidit's Gadget Shop.
  6945 | D:6      | Reached XP level 9. HP: 47/47 MP: 17/24
  6949 | D:6      | Learned a level 2 spell: Blink
  6990 | D:6      | Found an iron altar of Okawaru.
  7262 | D:6      | Splashed by a brown ugly thing's acid

Vault maps used:
D:1:      dpeg_arrival_subterranean_lakeside_camping, st_stairs_14
D:2:      first_bread
D:3:      overflow_temple_1_default, serial_undead, serial_undead_e,
          serial_undead_d, serial_undead_e, serial_undead_c,
          kennysheep_pointless_box
D:4:      nicolae_qazlal_general_emergency, eino_small_chamber_without_monster,
          nemelex_lonely_heart_becter, uniq_duvessa, uniq_pikel, uniq_ijyb
D:6:      kennysheep_little_box, xom_confusion_cloud, temple_green,
          serial_shops, shop_statue, shop, kennysheep_mini_moat, shop,
          nicolae_shop_crystal
Temple:   jpeg_temple_clearing

Skill      XL: |  1  2  3  4  5  6  7  8 |
---------------+-------------------------+-----
Spellcasting   | 4 6 9 |  9.9
Conjurations   | 2 3 4 5 |  5.5
Fire Magic     | 4 5 6 |  6.4
Air Magic      | 2 |  2.1
Short Blades   | 2 |  2.0
Poison Magic   | 2 |  2.2
Armour         | 1 |  1.6
Fighting       | 1 |  1.2
Dodging        | 3 |  3.6
Shields        | 1 |  1.1
Stealth        | |  2.4
Translocations | |  0.7

Action                   |  1- 3 |  4- 6 |  7- 9 || total
-------------------------+-------+-------+-------++-------
Melee: Unarmed           |     1 |       |       ||     1
       Dagger            |    17 |     3 |    83 ||   103
 Cast: Flame Tongue      |    81 |    62 |    61 ||   204
       Conjure Flame     |       |     4 |     5 ||     9
       Throw Flame       |       |     2 |     4 ||     6
       Sticky Flame      |       |     7 |    18 ||    25
       Inner Flame       |       |     3 |     4 ||     7
       Magic Dart        |       |       |     8 ||     8
       Fireball          |       |       |     8 ||     8
  Use: Scroll            |     2 |     5 |    15 ||    22
       Potion            |       |       |     1 ||     1
 Stab: Sleeping          |       |     2 |     6 ||     8
  Eat: Chunk             |     1 |     3 |     8 ||    12
       Bread ration      |       |     1 |     1 ||     2
       Royal jelly       |       |       |     1 ||     1
Armor: Robe              |    19 |     3 |    18 ||    40
Dodge: Dodged            |    55 |     8 |    57 ||   120
Block: Other             |       |     2 |    24 ||    26
       Reflection        |       |     1 |       ||     1
